 Dungeon Crawl Stone Soup version 0.25-a0-707-g603da076d2 (webtiles) character file.

Game seed: 3308531359235853054, levelgen mode: deterministic

2387 Flugslaktarn the Cleaver (level 9, -2/79 HPs)
             Began as a Minotaur Fighter on Apr 4, 2020.
             Was a Follower of Makhleb.
             Slain by a seven-headed hydra (11 damage)
             ... on level 7 of the Dungeon.
             The game lasted 00:02:23 (3586 turns).

Flugslaktarn the Cleaver (Minotaur Fighter)         Turns: 3586, Time: 00:02:23

Health: -2/79      AC: 18    Str: 25    XL:     9   Next: 22%
Magic:  9/9        EV:  5    Int:  5    God:    Makhleb [*.....]
Gold:   231        SH: 11    Dex:  9    Spells: 8/8 levels left

rFire    . . .     SeeInvis .   a - +1 war axe
rCold    . . .     Gourm    .   c - +0 kite shield
rNeg     . . .     Faith    .   k - +0 plate armour
rPois    .         Spirit   .   n - +1 hat
rElec    .         Reflect  .   v - +0 cloak
rCorr    .         Harm     .   l - +0 pair of gloves
MR       .....                  m - +0 pair of boots
Stlth    ..........             (no amulet)
HPRegen  0.23/turn              (no ring)
MPRegen  0.11/turn              (no ring)

@: no status effects
A: retaliatory headbutt, horns 2
a: Renounce Religion


You were on level 7 of the Dungeon.
You worshipped Makhleb.
Makhleb was aware of your devotion.
You were not hungry.

You visited 2 branches of the dungeon, and saw 8 of its levels.

You collected 231 gold pieces.

Inventory:

Hand Weapons
 a - a +1 war axe (weapon)
Armour
 b - a +0 scale mail
 c - a +0 kite shield (worn)
 k - a +0 plate armour (worn)
   (You found it on level 2 of the Dungeon)
 l - a +0 pair of gloves (worn)
   (You found it on level 4 of the Dungeon)
 m - a +0 pair of boots (worn)
   (You found it on level 3 of the Dungeon)
 n - a +1 hat (worn)
   (You found it on level 4 of the Dungeon)
 v - a +0 cloak (worn)
   (You found it on level 5 of the Dungeon)
Wands
 g - a wand of acid (8)
   (You found it on level 5 of the Dungeon)
 j - a wand of iceblast (30)
   (You found it on level 5 of the Dungeon)
Scrolls
 o - a scroll of acquirement {unknown}
 p - a scroll of fog {unknown}
 r - 4 scrolls of identify
 s - a scroll of enchant weapon
 x - 4 scrolls of remove curse
 y - a scroll of enchant armour {unknown}
Potions
 d - a potion of might
 h - 2 potions of berserk rage
 i - 2 potions of flight
 q - a potion of lignification
 t - a potion of mutation
 u - a potion of magic
 w - 3 potions of heal wounds
Comestibles
 e - 11 rations


   Skills:
 + Level 7.4 Fighting
 * Level 9.5 Axes
 + Level 7.4 Armour
 + Level 7.4 Shields
 + Level 2.3 Invocations


You had 8 spell levels left.
You didn't know any spells.
Your spell library was empty.

Dungeon Overview and Level Annotations

Branches:
Dungeon (7/15)             Temple (1/1) D:5

Altars:
Dithmenos
Fedhas
Gozag
Hepliaklqana
Kikubaaqudgha
Makhleb
Nemelex Xobeh
Qazlal
Ru
Uskayaw
Vehumet
Wu Jian
Xom
Zin
The Shining One

Shops:
D:4 =


Innate Abilities, Weirdness & Mutations

You reflexively headbutt those who attack you in melee.
You have a pair of horns on your head.


Message History

* * * LOW HITPOINT WARNING * * *
The seven-headed hydra bites you.
* * * LOW HITPOINT WARNING * * *
The seven-headed hydra bites you but does no damage.
The seven-headed hydra bites you!
* * * LOW HITPOINT WARNING * * *
The seven-headed hydra bites you but does no damage.
You block the seven-headed hydra's attack. x2
You are too injured to fight recklessly!
You are too injured to fight recklessly!
You are too injured to fight recklessly!
You are too injured to fight recklessly!
You are too injured to fight recklessly!
You are too injured to fight recklessly!
You are too injured to fight recklessly!
Unknown command.
There is a stone staircase leading up here.
The seven-headed hydra bites you but does no damage.
The seven-headed hydra bites you!
You die...

########## #........#
#........## #
..##.........#####..#
..............D@..#
#.......†.#####.#
##.####<#### #
......[....#
#.####...†......
#..........
##.........
#......... #.........


You could see a seven-headed hydra.

Vanquished Creatures
  Pikel (D:5)
  A hippogriff (D:7)
  An ice beast (D:6)
  A slave (D:5)
  2 phantoms (D:4)
  3 ogres
  A bullfrog (D:4)
  Blork the orc (D:4)
  3 scorpions
  A howler monkey (D:5)
  3 crimson imps
  A centaur zombie (D:5)
  A hound (D:5)
  3 orc wizards
  2 orc priests
  Ijyb (D:3)
  2 bullfrog skeletons
  4 iguanas
  Natasha (twice) (D:3)
  6 worker ants
  A hound skeleton (D:6)
  Robin (D:4)
  5 adders
  3 gnolls (D:6)
  A howler monkey skeleton (D:4)
  A shadow imp (D:5)
  2 oozes
  An adder zombie (D:7)
  2 worms
  2 leopard geckos
  7 orcs
  2 giant cockroaches
  7 hobgoblins
  12 jackals
  A quokka (D:7)
  4 bats
  3 frilled lizards
  14 goblins
  3 kobolds (D:1)
  A leopard gecko skeleton (D:5)
  2 rats (D:1)
115 creatures vanquished.

Vanquished Creatures (others)
  An adder (D:3)
1 creature vanquished.

Grand Total: 116 creatures vanquished

Notes
Turn   | Place    | Note
-------+----------+-------------------------------------------
     0 | D:1      | Flugslaktarn the Minotaur Fighter began the quest for the
                  | Orb.
     0 | D:1      | Reached XP level 1. HP: 19/19 MP: 0/0
   155 | D:1      | Reached XP level 2. HP: 17/27 MP: 1/1
   175 | D:1      | Reached skill level 3 in Axes
   618 | D:2      | Reached XP level 3. HP: 33/33 MP: 2/2
   720 | D:2      | Found a stormy altar of Qazlal.
   812 | D:3      | Noticed Natasha
   820 | D:3      | Killed Natasha
   820 | D:3      | Reached XP level 4. HP: 33/40 MP: 3/3
   916 | D:3      | Noticed Ijyb
   924 | D:3      | Killed Ijyb
   924 | D:3      | Reached skill level 4 in Axes
   927 | D:3      | Noticed Natasha
   934 | D:3      | Killed Natasha
   934 | D:3      | Reached XP level 5. HP: 44/47 MP: 4/4
  1019 | D:4      | Found Fosyegez's Jewellery Emporium.
  1086 | D:4      | Noticed Blork the orc
  1105 | D:4      | Killed Blork the orc
  1105 | D:4      | Reached skill level 5 in Axes
  1105 | D:4      | Reached XP level 6. HP: 55/55 MP: 5/5
  1255 | D:4      | Reached skill level 5 in Fighting
  1255 | D:4      | Reached skill level 5 in Armour
  1255 | D:4      | Reached skill level 5 in Shields
  1479 | D:4      | Noticed Robin
  1487 | D:4      | Reached skill level 6 in Axes
  1492 | D:4      | Killed Robin
  1569 | D:4      | Reached XP level 7. HP: 61/61 MP: 6/6
  1627 | D:4      | Found a hide-covered altar of Uskayaw.
  1685 | D:5      | Entered Level 5 of the Dungeon
  2071 | D:5      | Reached skill level 7 in Axes
  2218 | D:5      | Found a staircase to the Ecumenical Temple.
  2262 | Temple   | Entered the Ecumenical Temple
  2319 | Temple   | Became a worshipper of Makhleb the Destroyer
  2414 | D:5      | Reached XP level 8. HP: 70/70 MP: 7/7
  2575 | D:5      | Noticed Pikel
  2587 | D:5      | Killed Pikel
  2587 | D:5      | Reached skill level 8 in Axes
  2875 | D:6      | Reached skill level 1 in Invocations
  3051 | D:6      | Reached skill level 9 in Axes
  3072 | D:6      | Reached XP level 9. HP: 42/79 MP: 9/9
  3351 | D:6      | Reached * piety under Makhleb
  3568 | D:7      | Noticed a five-headed hydra
  3586 | D:7      | Slain by a seven-headed hydra

Levels and vault maps discovered:
D:1:      dpeg_arrival_subterranean_lakeside_camping, layout_basic
D:2:      layout_loops_ring, grunt_qazlal_clouds, serial_bayou_pond_d,
          eino_curves_01, minivault_25
D:3:      layout_basic, first_ration, uniq_natasha, uniq_ijyb
D:4:      layout_rooms, eat_drink_and_be_merry_uskayaw, serial_shops,
          nicolae_shop_behind_doors, uniq_robin, uniq_blork_the_orc
D:5:      layout_basic, minmay_temple_entry_drinking_statues, uniq_pikel
D:6:      layout_rooms
D:7:      layout_rooms, chequers_temple_overflow_statue_of_worship
Temple:   dshaligram_water_room_temple

Skill      XL: |  1  2  3  4  5  6  7  8  9 |
---------------+----------------------------+-----
Axes           | 3 4 5 6 7 9 |  9.5
Shields        | 4 5 6 7 |  7.4
Fighting       | 4 5 6 7 |  7.4
Armour         | 4 5 6 7 |  7.4
Invocations    | 1 2 |  2.3

Action                   |  1- 3 |  4- 6 |  7- 9 || total
-------------------------+-------+-------+-------++-------
Melee: War axe           |    89 |   102 |   167 ||   358
       Headbutt          |     9 |     8 |    35 ||    52
  Use: Scroll            |       |       |    11 ||    11
  Eat: Chunk             |       |     3 |     6 ||     9
Armor: Scale mail        |    31 |       |       ||    31
       Plate armour      |    20 |    65 |    95 ||   180
       Skin              |       |    10 |       ||    10
Dodge: Dodged            |    27 |    16 |    32 ||    75
Block: Kite shield       |    54 |    65 |    81 ||   200

Table legend:
 A = Non-vault XP
 B = Vault XP
 C = Vault XP percentage of total XP
 D = Non-vault monster count
 E = Vault monster count
 F = Vault count percentage of total count
                 A         B        C        D         E       F
            +---------+---------+-------+---------+---------+-------
      Total |    2520 |     890 |  26.1 |      98 |      16 |  14.0
            +---------+---------+-------+---------+---------+-------
        D:1 |      37 |       0 |   0.0 |      22 |       0 |   0.0
        D:2 |      36 |       0 |   0.0 |       9 |       0 |   0.0
        D:3 |      51 |      74 |  59.2 |       4 |       2 |  33.3
        D:4 |     514 |     131 |  20.3 |      13 |      13 |  50.0
        D:5 |     748 |     685 |  47.8 |      25 |       1 |   3.8
        D:6 |     781 |       0 |   0.0 |      20 |       0 |   0.0
        D:7 |     353 |       0 |   0.0 |       5 |       0 |   0.0
            +---------+---------+-------+---------+---------+-------
